 Dungeon Crawl Stone Soup version 0.28.0-53-g5a82cb258f (webtiles) character file.

Game seed: 6845849916528187526

102 Sin92 the Skirmisher (level 4, -1/35 HPs)
             Began as a Demonspawn Fighter on July 12, 2022.
             Slain by a gnoll
             ... wielding a +0 spear
              (5 damage)
             ... on level 2 of the Dungeon.
             The game lasted 00:01:59 (1974 turns).

Sin92 the Skirmisher (Demonspawn Fighter)           Turns: 1974, Time: 00:01:59

Health: -1/35      AC: 12    Str: 17    XL:     4   Next: 50%
Magic:  5/5        EV:  9    Int:  9    God:
Gold:   30         SH:  5    Dex: 14    Spells: 5/5 levels left

rFire   . . .      SeeInvis .   a - +0 long sword
rCold   . . .      Faith    .   c - +0 buckler
rNeg    . . .      Spirit   .   b - +0 scale mail
rPois   .          Reflect  .   (no helmet)
rElec   .          Harm     .   (no cloak)
rCorr   +          Rampage  .   (no gloves)
Will    .....                   (no boots)
Stlth   ..........              (no amulet)
HPRegen 0.11/turn               g - ring of resist corrosion
MPRegen 0.09/turn               (no ring)

@: sanguine armoured
A: powered by pain 1, sanguine armour 1
a: no special abilities


You were on level 2 of the Dungeon.
You visited 1 branch of the dungeon, and saw 2 of its levels.

You collected 30 gold pieces.

Inventory:

Hand Weapons
 a - a +0 long sword (weapon)
Armour
 b - a +0 scale mail (worn)
 c - a +0 buckler (worn)
Jewellery
 g - a ring of resist corrosion (left hand)
Wands
 d - a wand of charming (4)
Scrolls
 e - 2 scrolls of blinking {unknown}
 h - a scroll of teleportation {unknown}


   Skills:
 + Level 3.3 Fighting
 + Level 2.2 Long Blades
 + Level 3.0 Armour
 + Level 1.1 Dodging
 + Level 1.2 Stealth
 + Level 3.1 Shields
 + Level 1.1 Spellcasting


You had 5 spell levels left.
You didn't know any spells.
Your spell library contained the following spells:

 Spells                   Type           Power      Damage    Failure   Level
 Magic Dart               Conj           0%         1d3       85%         1
 Call Imp                 Summ           0%         N/A       94%         2
 Mephitic Cloud           Conj/Pois/Air  0%         N/A       99%         3


Dungeon Overview and Level Annotations

Branches:
Dungeon (2/15)

Altars:


Innate Abilities, Weirdness & Mutations

You sometimes gain a little power by taking damage.
When seriously injured, your blood forms armour. (AC +6)


Message History

The gnoll is almost dead.
Your blood armour dries and flakes away.
The gnoll barely misses you. x2
The gnoll hits you from afar with a +0 spear.
Your blood congeals into armour.
You closely miss the gnoll.
The gnoll is almost dead.
The gnoll closely misses you. x2; The gnoll hits you but does no damage.
You hit the gnoll.
You kill the gnoll!
The gnoll hits you but does no damage. The gnoll hits you with a +0 spear.
You block the gnoll's attack.
Things that are here:
a +0 spear; 13 gold pieces You hit the gnoll but do no damage.
The gnoll hits you with a +0 spear.
The gnoll hits you but does no damage. x2
The gnoll hits you from afar with a +0 spear.
* * * LOW HITPOINT WARNING * * *
You slash the gnoll!
The gnoll is severely wounded.
The gnoll hits you with a +0 spear!
* * * LOW HITPOINT WARNING * * *
The gnoll hits you but does no damage.
You hit the gnoll.
You kill the gnoll!
The gnoll completely misses you.
A gnoll comes into view. It is wielding a +0 mace.
The gnoll shouts!
The gnoll barely misses you.
Things that are here:
a +0 spear; 11 gold pieces You hit the gnoll.
The gnoll is moderately wounded.
The gnoll hits you but does no damage. x2
Unknown command.
You aren't carrying any potions.
As you read the scroll labelled ONUEDU UTHREP, it crumbles to dust.
It is a scroll of amnesia.
You feel forgetful for a moment. The gnoll hits you with a +0 spear.
You die...

##### #####
......##############....
......g@)..........#.###
....P..###########.#.#
....... ########.#.###
....... ..............
......g ########.#.###
....... #.#.# .......
#.#.# ....... #.#.#
#.#.#


You could see 2 gnolls.

Vanquished Creatures
  6 gnolls (D:2)
  3 dart slugs (D:1)
  4 orcs (D:2)
  4 bats (D:1)
  4 endoplasms (D:1)
  2 giant cockroaches
  2 goblins (D:1)
  2 hobgoblins (D:2)
  4 ball pythons
  3 frilled lizards (D:1)
  3 kobolds (D:1)
37 creatures vanquished.

Vanquished Creatures (others)
  21 plants (D:2)
21 creatures vanquished.

Grand Total: 58 creatures vanquished

Notes
Turn   | Place    | Note
-------+----------+-------------------------------------------
     0 | D:1      | Sin92 the Demonspawn Fighter began the quest for the Orb.
     0 | D:1      | Reached XP level 1. HP: 18/18 MP: 1/1
   180 | D:1      | Gained mutation: When seriously injured, your blood forms
                  | armour. (AC +6) [demonic ancestry]
   180 | D:1      | Reached XP level 2. HP: 22/24 MP: 2/2
  1003 | D:1      | Reached XP level 3. HP: 29/29 MP: 3/3
  1151 | D:2      | Reached skill level 1 in Stealth
  1560 | D:2      | Reached skill level 1 in Spellcasting
  1570 | D:2      | Gained mutation: You sometimes gain a little power by
                  | taking damage. [demonic ancestry]
  1570 | D:2      | Reached XP level 4. HP: 10/35 MP: 5/5
  1571 | D:2      | Reached skill level 1 in Dodging
  1974 | D:2      | Slain by a gnoll

Illustrated notes

Levels and vault maps discovered:
D:1:      roderic_dead_forest, layout_loops_ring, kennysheep_decorative_pillar,
          chequers_jeans
D:2:      layout_basic, hellmonk_ecumenical_altar_lost_god, basic_altar,
          chequers_arboretum, nicolae_grassy_gnolls

Skill      XL: |  1  2  3  4 |
---------------+-------------+-----
Long Blades    | 2 |  2.2
Shields        | 3 |  3.1
Stealth        | 1 |  1.2
Armour         | 3 |  3.0
Spellcasting   | 1 |  1.1
Dodging        | 1 |  1.1
Fighting       | |  3.3

Action                   |  1- 3 |  4- 6 || total
-------------------------+-------+-------++-------
Melee: Long sword        |    79 |    42 ||   121
  Use: Potion            |     1 |       ||     1
       Scroll            |       |     1 ||     1
Armor: Scale mail        |    39 |    20 ||    59
Dodge: Dodged            |    41 |    25 ||    66
Block: Buckler           |     9 |    16 ||    25
